 Dungeon Crawl Stone Soup version 0.22-a0-136-g83a10e5 (webtiles) character file.

121 Lathuz the Magician (level 4, -1/24 HPs)
             Began as a Deep Elf Fire Elementalist on Feb 3, 2018.
             Slain by an orc wizard
             ... wielding a +0 dagger
              (2 damage)
             ... on level 2 of the Dungeon.
             The game lasted 00:05:00 (2311 turns).

Lathuz the Magician (Deep Elf Fire Elementalist)    Turns: 2311, Time: 00:05:01

Health: -1/24      AC:  4    Str:  5    XL:     4   Next: 76%
Magic:  0/12       EV: 13    Int: 26    God:
Gold:   63         SH:  0    Dex: 15    Spells: 1/11 levels left

rFire    . . .     SeeInvis .   e - +0 short sword (curse)
rCold    . . .     Gourm    .   (no shield)
rNeg     . . .     Faith    .   a - +0 robe
rPois    .         Spirit   .   (no helmet)
rElec    .         Reflect  .   d - +1 cloak {MR+}
rCorr    .         Harm     .   (no gloves)
MR       +....                  (no boots)
Stlth    ++........             (no amulet)
HPRegen  0.08/turn              (no ring)
MPRegen  0.13/turn              (no ring)

@: brilliant, very slightly contaminated
A: no striking features
a: no special abilities


You were on level 2 of the Dungeon.
You were not hungry.

You visited 1 branch of the dungeon, and saw 2 of its levels.

You collected 63 gold pieces.

Inventory:

Hand Weapons
 e - a cursed +0 short sword (weapon)
Missiles
 l - 7 stones (quivered)
Armour
 a - a +0 robe (worn)
 d - a +1 cloak of magic resistance (worn)
 o - a cursed +0 chain mail
Jewellery
 g - an uncursed ring of poison resistance {unknown}
Scrolls
 i - a scroll of identify {unknown}
 n - a scroll of fog {unknown}
Potions
 f - a potion of lignification {unknown}
 j - a potion of haste {unknown}
 k - a potion of curing
 m - a potion of brilliance
Books
 b - a book of Flames

   Spells                             Type                      Level
   a - Flame Tongue                   Conjuration/Fire             1
   b - Throw Flame                    Conjuration/Fire             2
   c - Conjure Flame                  Conjuration/Fire             3
   d - Inner Flame                    Hexes/Fire                   3
   e - Sticky Flame                   Conjuration/Fire             4
   f - Fireball                       Conjuration/Fire             5
Comestibles
 c - 3 rations
 h - a chunk of flesh


   Skills:
 - Level 2.4 Dodging
 - Level 2.4 Stealth
 + Level 4.2 Spellcasting
 * Level 3.6 Conjurations
 + Level 4.1 Fire Magic


You had one spell level left.
You knew the following spells:

 Your Spells              Type           Power        Failure   Level  Hunger
a - Flame Tongue          Conj/Fire      #####        1%          1    None
b - Throw Flame           Conj/Fire      #####.       1%          2    None
c - Conjure Flame         Conj/Fire      #####...     1%          3    ##.....
d - Sticky Flame          Conj/Fire      #####...     1%          4    ####...


Dungeon Overview and Level Annotations

Branches:
Dungeon (2/15)

Altars:


Message History

Casting: Flame Tongue (safe; 2% risk of failure)
Confirm with . or Enter, or press ? or * to list all spells.
Aiming: Flame Tongue (safe; 2% risk of failure)
Press: ? - help, Shift-Dir - straight line, f/p - orc wizard
Aim: an orc wizard, wielding a dagger and wearing a robe (heavily wounded)
The flame tongue misses the orc wizard.
The flame tongue hits the orc.
You kill the orc!
The orc wizard gestures at you while chanting.
The magic dart hits you!
* * * LOW HITPOINT WARNING * * *
Some of the chunks of flesh in your inventory have rotted away.
It was a potion of brilliance.
You feel clever all of a sudden.
The orc wizard mumbles some strange words.
The orc wizard flickers and vanishes!
Deactivating autopickup; reactivate with Ctrl-A.
You closely miss something. Something hits you.
* * * LOW HITPOINT WARNING * * *
You miss something. Something hits you.
You die...

#####.#.##...##.#
#.# #.#.###.###.#
#.# #.#.# #.# #.#
.# #.#.# #.# #.#
#.#.# ... #.#
#.#.# #.. #.#
#.#.# ...##.#
#### #.# .#.##.#
.... #.# . .##@#
#### #{# #)#
.......)..)..#
##.#.#######.# #


There were no monsters in sight!

Vanquished Creatures
  An orc wizard (D:2)
  2 adders (D:2)
  An ooze (D:2)
  A worm (D:2)
  3 dart slugs
  4 leopard geckos (D:2)
  2 orcs (D:2)
  A giant cockroach (D:1)
  7 goblins
  6 hobgoblins
  A ball python (D:1)
  10 bats
  5 frilled lizards
  7 kobolds
  7 rats
58 creatures vanquished.

Notes
Turn   | Place    | Note
-------+----------+-------------------------------------------
     0 | D:1      | Lathuz the Deep Elf Fire Elementalist began the quest for the Orb.
     0 | D:1      | Reached XP level 1. HP: 10/10 MP: 6/6
   141 | D:1      | Reached XP level 2. HP: 13/15 MP: 1/8
   304 | D:1      | Learned a level 2 spell: Throw Flame
  1124 | D:1      | Reached XP level 3. HP: 19/19 MP: 7/10
  1422 | D:2      | Reached XP level 4. HP: 24/24 MP: 0/11
  1526 | D:2      | Learned a level 3 spell: Conjure Flame
  1531 | D:2      | Learned a level 4 spell: Sticky Flame
  2310 | D:2      | HP: 1/24 [something (2)]
  2311 | D:2      | Slain by an orc wizard

Vault maps used:
D:1:      tarquinn_simple_flora_water_a

Skill      XL: |  1  2  3  4 |
---------------+-------------+-----
Conjurations   | 2 3 |  3.6
Fire Magic     | 4 |  4.1
Spellcasting   | 4 |  4.2
Dodging        | |  2.4
Stealth        | |  2.4

Action                   |  1- 3 |  4- 6 || total
-------------------------+-------+-------++-------
Melee: Unarmed           |     1 |       ||     1
       Short sword       |       |     2 ||     2
 Cast: Flame Tongue      |    39 |    23 ||    62
       Throw Flame       |    21 |    14 ||    35
       Sticky Flame      |       |     1 ||     1
  Use: Potion            |       |     2 ||     2
  Eat: Chunk             |     2 |     3 ||     5
Armor: Robe              |     1 |     2 ||     3
Dodge: Dodged            |     7 |     5 ||    12

Table legend:
 A = Spawn XP
 B = Non-spawn XP
 C = Spawn XP percentage of total XP
 D = Spawn monster count
 E = Non-spawn monster count
 F = Spawn count percentage of total count
 G = Total turns spent on level
                    A         B        C        D         E        F      G
               +---------+---------+-------+---------+---------+-------+---------
         Total |       0 |     173 |   0.0 |       0 |      58 |   0.0 |  2311
               +---------+---------+-------+---------+---------+-------+---------
           D:1 |       0 |      41 |   0.0 |       0 |      26 |   0.0 |  1180
           D:2 |       0 |     132 |   0.0 |       0 |      32 |   0.0 |  1131
               +---------+---------+-------+---------+---------+-------+---------
